 Dungeon Crawl Stone Soup version 0.31.0-2-g5a2aebc5c2 (webtiles) character file.

Game seed: 12217850350207004053

108 BigPumpCobain the Digger (level 4, -4/24 HPs)
             Began as a Gargoyle Earth Elementalist on Jan 20, 2024.
             Slain by a gnoll
             ... wielding a +2 flail of draining
              (8 damage)
             ... on level 3 of the Dungeon.
             The game lasted 00:04:29 (2536 turns).

BigPumpCobain the Digger (GrEE)                     Turns: 2536, Time: 00:04:30

Health: -4/24      AC:  5    Str: 12    XL:     4   Next: 87%
Magic:  2/8        EV: 12    Int: 17    God:
Gold:   214        SH:  0    Dex: 16    Spells: 4/8 levels left

rFire   + . .        f - +1 dagger (venom)
rCold   + . .        (no shield)
rNeg    + . .        a - +0 robe
rPois   ∞            (no helmet)
rElec   +            h - scarf {rC+ rF+}
rCorr   .            (no gloves)
SInv    .            (no boots)
Will    .....        (no amulet)
Stlth   ++           j - +6 ring of dexterity
HPRegen 0.24/turn    (no ring)
MPRegen 0.11/turn

%: no passive effects
@: no status effects
A: sickness immunity, AC +3, negative energy resistance 1, electricity
resistance, torment resistance 1, petrification resistance
a: no special abilities


You were on level 3 of the Dungeon.
You visited 1 branch of the dungeon, and saw 3 of its levels.

You collected 214 gold pieces.

Inventory:

Hand Weapons
 f - a +1 dagger of venom (weapon)
Armour
 a - a +0 robe (worn)
 h - a scarf of resistance (worn)
Jewellery
 j - a +6 ring of dexterity (left hand)
 m - a ring of fire
Scrolls
 c - a scroll of teleportation
 d - a scroll of torment {unknown}
 i - 2 scrolls of identify
 n - a scroll of vulnerability {unknown}
 o - a scroll of poison {unknown}
Potions
 b - 2 potions of magic
 e - 2 potions of mutation
 g - a potion of haste {unknown}
 k - a potion of enlightenment {unknown}
 l - a potion of heal wounds {unknown}
 p - a potion of degeneration {unknown}


   Skills:
 - Level 1.5 Dodging
 + Level 3.0 Stealth
 * Level 2.9 Spellcasting
 * Level 2.6 Conjurations
 * Level 4.6 Earth Magic


You had 4 spell levels left.
You knew the following spells:

 Your Spells              Type           Power      Damage    Failure   Level
a - Sandblast             Erth           36%        2d10      2%          1
b - Stone Arrow           Conj/Erth      28%        3d8       12%         3

Your spell library contained the following spells:

 Spells                   Type           Power      Damage    Failure   Level
 Passwall                 Erth           18%        N/A       8%          3
 Call Imp                 Summ           4%         N/A       26%         2
 Brom's Barrelling Bould  Conj/Erth      14%        2d4       36%         4
 Tukima's Dance           Hex            2%         N/A       47%         3
 Petrify                  Alch/Erth      10%        N/A       56%         4
 Iskenderun's Mystic Bla  Conj/Tloc      6%         2d4       71%         4
 Dimensional Bullseye     Hex/Tloc       1%         N/A       87%         4
 Summon Hydra             Summ           1%         N/A       100%        7
 Sublimation of Blood     Necr           Unusable   N/A       N/A         2

Dungeon Overview and Level Annotations

Branches:
Dungeon (3/15)

Altars:
Kikubaaqudgha


Innate Abilities, Weirdness & Mutations

You are immune to sickness and miasma.
Your stone body is resilient. (AC +3)
You are immune to poison.
You resist negative energy. (rN+)
You are resistant to electric shocks. (rElec)
You are resistant to unholy torment.
You are immune to petrification.


Message History

The blast of sand hits the goblin!
You kill the goblin!
The orc shouts!
You can't see any susceptible monsters within range! (Use Z to cast anyway.)
The blast of sand hits the orc!
You kill the orc!
You can't see any susceptible monsters within range! (Use Z to cast anyway.)
A gnoll comes into view. It is wielding a +0 flail.
A gnoll is nearby!
A gnoll is nearby!
A gnoll comes into view. It is wielding a +2 flail of draining.
The gnoll shouts! x2
A gnoll comes into view. It is wielding a +0 club.
The gnoll shouts!
The blast of sand hits the gnoll.
The gnoll is moderately wounded.
A gnoll comes into view. It is wielding a +0 flail.
The blast of sand hits the gnoll!
You kill the gnoll!
Your Stealth skill increases to level 3!
The blast of sand hits the gnoll!
The gnoll is severely wounded.
The blast of sand hits the gnoll but does no damage.
The gnoll is severely wounded.
The gnoll barely misses you.
The blast of sand hits the gnoll but does no damage.
The gnoll is severely wounded.
The gnoll hits you with a +2 flail of draining. x2
The gnoll hits you with a +0 club.
You are too injured to fight recklessly!
You hit the gnoll but do no damage.
The gnoll is poisoned.
The gnoll is severely wounded.
The gnoll hits you with a +2 flail of draining.
* * * LOW HITPOINT WARNING * * *
You hit the gnoll but do no damage.
The gnoll is severely wounded.
The gnoll hits you with a +0 club.
* * * LOW HITPOINT WARNING * * *
The gnoll hits you with a +2 flail of draining!
You die...

######## #.#####.#..
#......####.#####.#.#
+......+.....(..(....
#......####.#........
######......####.#........
............'.............
....).......####...#+#'#+#
............# #.#.....#.#
.........@g.# #.#.#...#.#
.........gg.# #.#.#...#..
............# #.#.#.#.)..
............####.#.#.#....
.........!......+#.#.#....
......######.......#.#....
###.# #.......#.#.... #.
8'8......+....
##.#......#....


You could see 3 gnolls.

Vanquished Creatures
  4 gnolls (D:3)
  A dart slug (D:3)
  2 orcs (D:3)
  11 ball pythons
  4 endoplasms
  7 goblins
  7 hobgoblins
  4 quokkas
  7 bats
  7 frilled lizards (D:1)
  2 kobolds (D:2)
  5 rats
61 creatures vanquished.

Vanquished Creatures (others)
  A human (D:3)
1 creature vanquished.

Grand Total: 62 creatures vanquished

Notes
Turn   | Place    | Note
-------+----------+-------------------------------------------
     0 | D:1      | BigPumpCobain the Gargoyle Earth Elementalist began the
                  | quest for the Orb.
     0 | D:1      | Reached XP level 1. HP: 10/10 MP: 3/3
   127 | D:1      | Reached XP level 2. HP: 15/15 MP: 3/5
   469 | D:1      | Reached skill level 4 in Earth Magic
   643 | D:1      | Reached XP level 3. HP: 19/19 MP: 2/6
  1849 | D:3      | Found a faded altar of an unknown god.
  1883 | D:3      | Learned a level 3 spell: Stone Arrow
  2073 | D:3      | Found an ancient bone altar of Kikubaaqudgha.
  2074 | D:3      | Noticed a human
  2076 | D:3      | Killed a human
  2118 | D:3      | Reached XP level 4. HP: 24/24 MP: 5/7
  2536 | D:3      | Slain by a gnoll

Illustrated notes

Levels and vault maps discovered:
D:1:      arrival_zaba_pyramid, layout_loops_ring, minmay_tromino_v7
D:2:      layout_loops_ring
D:3:      layout_basic, jmf_multi_god_temple2, tgw_kikubaaqudgha,
          nicolae_ecumenical_pavilion

Skill      XL: |  1  2  3  4 |
---------------+-------------+-----
Earth Magic    | 4 |  4.6
Conjurations   | 2 |  2.6
Stealth        | 3 |  3.0
Dodging        | |  1.5
Spellcasting   | |  2.9

Action                     |  1- 3 |  4- 6 || total
---------------------------+-------+-------++-------
  Melee: Dagger            |     2 |     2 ||     4
   Cast: Sandblast         |    59 |    21 ||    80
         Stone Arrow       |       |     1 ||     1
    Use: Scroll            |     3 |       ||     3
 Armour: Robe              |     3 |    13 ||    16
  Dodge: Dodged            |     4 |     6 ||    10
